 Dungeon Crawl Stone Soup version 0.29-a0-370-gb5314be063 (webtiles) character file.

Game seed: 17924269957166101456

112 Colgate the Cutter (level 5, -2/31 HPs)
             Began as a Kobold Brigand on May 2, 2022.
             Was a Believer of Nemelex Xobeh.
             Slain by an orc
             ... wielding a +0 mace
              (5 damage)
             ... on level 4 of the Dungeon.
             The game lasted 00:05:12 (2828 turns).

Colgate the Cutter (Kobold Brigand)                 Turns: 2828, Time: 00:05:13

Health: -2/31      AC:  5    Str:  8    XL:     5   Next: 16%
Magic:  5/5        EV: 13    Int: 12    God:    Nemelex Xobeh [**....]
Gold:   96         SH:  5    Dex: 19    Spells: 4/4 levels left

rFire   . . .      SeeInvis .   a - +2 dagger
rCold   . . .      Faith    .   o - +0 buckler
rNeg    . . .      Spirit   .   b - +0 robe
rPois   .          Reflect  .   m - +0 helmet
rElec   .          Harm     .   c - +0 cloak
rCorr   .          Rampage  .   r - +0 pair of gloves
Will    .....                   (no boots)
Stlth   ++++......              (no amulet)
HPRegen 0.10/turn               (no ring)
MPRegen 0.09/turn               (no ring)

@: no status effects
A: small, no large weapons, nightstalker 3
a: Renounce Religion, Draw Escape, Draw Destruction, Draw Summoning


You were on level 4 of the Dungeon.
You worshipped Nemelex Xobeh.
Nemelex Xobeh was pleased with you.
You visited 1 branch of the dungeon, and saw 4 of its levels.

You collected 186 gold pieces.
You spent 90 gold pieces at shops.

Inventory:

Hand Weapons
 a - a +2 dagger (weapon)
Missiles
 d - 14 poisoned darts (quivered)
 e - 3 curare-tipped darts
Armour
 b - a +0 robe (worn)
 c - a +0 cloak (worn)
 m - a +0 helmet (worn)
 o - a +0 buckler (worn)
 r - a +0 pair of gloves (worn)
Scrolls
 f - a scroll of fog {unknown}
 g - 2 scrolls of amnesia {unknown}
 h - 4 scrolls of identify {unknown}
 i - a scroll of teleportation {unknown}
 j - a scroll of enchant armour {unknown}
 k - a scroll of immolation {unknown}
 l - a scroll of holy word {unknown}
 n - a scroll of torment {unknown}
 u - a scroll of fear {unknown}
Potions
 p - a potion of might {unknown}
 q - a potion of degeneration {unknown}
 s - a potion of berserk rage {unknown}
 t - a potion of mutation {unknown}


   Skills:
 + Level 2.7 Fighting
 - Level 6.0 Short Blades
 - Level 2.1 Throwing
 - Level 1.2 Dodging
 - Level 5.3 Stealth
 - Level 1.0 Invocations


You had 4 spell levels left.
You didn't know any spells.
Your spell library contained the following spells:

 Spells                   Type           Power      Damage    Failure   Level
 Magic Dart               Conj           0%         1d3       45%         1
 Summon Small Mammal      Summ           0%         N/A       45%         1
 Call Imp                 Summ           0%         N/A       61%         2
 Call Canine Familiar     Summ           0%         N/A       83%         3
 Mephitic Cloud           Conj/Pois/Air  0%         N/A       83%         3
 Summon Guardian Golem    Hex/Summ       0%         N/A       83%         3
 Tukima's Dance           Hex            0%         N/A       83%         3
 Anguish                  Hex/Necr       0%         N/A       99%         4
 Enfeeble                 Hex            0%         N/A       100%        7


Dungeon Overview and Level Annotations

Branches:
Dungeon (4/15)
 Temple: D:4-7

Altars:
Nemelex Xobeh

Shops:
D:1 [

Annotations:
D:4 1 runed translucent door, Crazy Yiuf


Innate Abilities, Weirdness & Mutations

You are small and have problems with some larger weapons.
You are completely attuned to the shadows.


Message History

There are monsters nearby!
You are too injured to fight recklessly!
There are monsters nearby!
You are too injured to fight recklessly!
There are monsters nearby!
You are too injured to fight recklessly!
There are monsters nearby!
You are too injured to fight recklessly!
There are monsters nearby!
You are too injured to fight recklessly!
There are monsters nearby!
You are too injured to fight recklessly!
There are monsters nearby!
You are too injured to fight recklessly!
There are monsters nearby!
You are too injured to fight recklessly!
There are monsters nearby!
You are too injured to fight recklessly!
There are monsters nearby!
You are too injured to fight recklessly!
There are monsters nearby!
You are too injured to fight recklessly!
There are monsters nearby!
You are too injured to fight recklessly!
There are monsters nearby!
You are too injured to fight recklessly!
There are monsters nearby!
You are too injured to fight recklessly!
There are monsters nearby!
You are too injured to fight recklessly!
There are monsters nearby!
You are too injured to fight recklessly!
There are monsters nearby!
You hit the jelly.
Your hands burn!
* * * LOW HITPOINT WARNING * * *
The orc hits you with a +0 club.
* * * LOW HITPOINT WARNING * * *
The orc hits you with a +0 mace.
You die...
Your body glows slightly and disappears.

#### ....... ....
#..# #....... ....
...... +............
#....# #............
#....###............
.#.oo................
...J@.###............
...gg...........#####
#..(...#........# #.
#..........###### ♣.
.....###.#. ♣♣ ♣ ♣


You could see a jelly, 2 gnolls and 2 orcs.

Vanquished Creatures
  Jessica (D:2)
  2 adders (D:2)
  A gnoll (D:4)
  An ufetubus (D:3)
  A worm (D:3)
  An orc (D:4)
  7 ball pythons
  4 bats (D:1)
  An endoplasm (D:4)
  4 giant cockroaches
  4 goblins
  4 hobgoblins
  2 jackals (D:2)
  5 quokkas
  3 frilled lizards
  4 kobolds
  4 rats (D:1)
49 creatures vanquished.

Vanquished Creatures (others)
  4 plants (D:4)
4 creatures vanquished.

Grand Total: 53 creatures vanquished

Notes
Turn   | Place    | Note
-------+----------+-------------------------------------------
     0 | D:1      | Colgate the Kobold Brigand began the quest for the Orb.
     0 | D:1      | Reached XP level 1. HP: 12/12 MP: 1/1
    52 | D:1      | Reached skill level 3 in Short Blades
   303 | D:1      | Found Fihaumips's Armour Shoppe.
   395 | D:1      | Reached XP level 2. HP: 17/17 MP: 2/2
   504 | D:1      | Reached skill level 4 in Short Blades
   955 | D:1      | Found a faded altar of an unknown god.
   960 | D:1      | Prayed at the altar of an unknown god.
   960 | D:1      | Became a worshipper of Nemelex Xobeh the Trickster
   960 | D:1      | Reached * piety under Nemelex Xobeh
   976 | D:1      | Reached XP level 3. HP: 18/21 MP: 3/3
  1141 | D:1      | Bought a +0 helmet for 45 gold pieces
  1222 | D:2      | Received a gift from Nemelex Xobeh
  1305 | D:2      | Reached skill level 5 in Short Blades
  1502 | D:1      | Bought a +0 pair of gloves for 45 gold pieces
  1575 | D:2      | Noticed Jessica
  1579 | D:2      | Killed Jessica
  1580 | D:2      | Reached XP level 4. HP: 26/26 MP: 4/4
  1916 | D:2      | Reached skill level 6 in Short Blades
  2012 | D:2      | Received a gift from Nemelex Xobeh
  2238 | D:3      | Reached ** piety under Nemelex Xobeh
  2450 | D:3      | Reached skill level 1 in Invocations
  2526 | D:3      | Reached XP level 5. HP: 30/30 MP: 5/5
  2783 | D:4      | Found a runed translucent door.
  2786 | D:4      | Noticed Crazy Yiuf
  2828 | D:4      | Slain by an orc

Illustrated notes

Levels and vault maps discovered:
D:1:      co_arrival_square_in_a_square_in_a_square, layout_basic,
          dilly_ecumenical_altar_fadedgnrine, serial_shops,
          nicolae_shop_statue_plus
D:2:      layout_basic, uniq_jessica
D:3:      layout_loops_ring
D:4:      layout_basic, roderic_serpentine_path, nicolae_shop_fire_sale
          [nicolae_sub_dead_trees], serial_bayou_crossing,
          uniq_crazy_yiuf_cottage

Skill      XL: |  1  2  3  4 |
---------------+-------------+-----
Short Blades   | 3 4 5 6 |  6.0
Invocations    | 1 |  1.0
Fighting       | |  2.7
Throwing       | |  2.1
Dodging        | |  1.2
Stealth        | |  5.3

Action                   |  1- 3 |  4- 6 || total
-------------------------+-------+-------++-------
Melee: Dagger            |    53 |    70 ||   123
       Punch             |       |     1 ||     1
 Stab: Sleeping          |    17 |    10 ||    27
Armor: Robe              |    14 |     9 ||    23
Dodge: Dodged            |    30 |    59 ||    89
Block: Buckler           |       |     9 ||     9

Table legend: (Time is in decaauts)
 A = Elapsed time spent in this place.
 B = Non-inter-level travel time spent in this place.
 C = Inter-level travel time spent in this place.
 D = Time resting spent in this place.
 E = Time spent auto-exploring this place.
 F = Levels seen in this place.
 G = Mean time per level.
                   A        B        C        D        E       F      G
               +--------+--------+--------+--------+--------+-----+--------+
         Total |   2799 |   2532 |    267 |    100 |   2073 |   4 |  699.8 |
       Dungeon |   2799 |   2532 |    267 |    100 |   2073 |   4 |  699.8 |
               +--------+--------+--------+--------+--------+-----+--------+

Top non-repeatable levels by time:
     D:1: 1247 daAuts
     D:2: 874 daAuts
     D:3: 598 daAuts
     D:4: 79 daAuts
